 Dungeon Crawl Stone Soup version 0.27.1 (webtiles) character file.

Game seed: 14527217543327992884

403 Erymatos the Chopper (level 6, -7/56 HPs)
             Began as a Minotaur Berserker on Sept 3, 2021.
             Was a Priest of Trog.
             Mangled by Blork the orc (8 damage)
             ... on level 4 of the Dungeon.
             The game lasted 00:05:04 (2301 turns).

Erymatos the Chopper (Minotaur Berserker)           Turns: 2301, Time: 00:05:05

Health: -7/56      AC:  7    Str: 23    XL:     6   Next: 55%
Magic:  5/5        EV: 11    Int:  4    God:    Trog [***...]
Gold:   123        SH:  0    Dex: 10    Spells: 5/5 levels left

rFire    . . .     SeeInvis .   a - +0 hand axe
rCold    . . .     Faith    .   (no shield)
rNeg     . . .     Spirit   .   f - +0 ring mail
rPois    .         Reflect  .   (helmet restricted)
rElec    .         Harm     .   (no cloak)
rCorr    .         Rampage  .   k - +0 pair of gloves
Will     .....                  (no boots)
Stlth    ..........             (no amulet)
HPRegen  0.18/turn              (no ring)
MPRegen  0.09/turn              (no ring)

@: on berserk cooldown, slowed, very slow
A: horns 2, retaliatory headbutt
a: Renounce Religion, Berserk, Trog's Hand


You were on level 4 of the Dungeon.
You worshipped Trog.
Trog was most pleased with you.
You visited 1 branch of the dungeon, and saw 4 of its levels.

You collected 123 gold pieces.

Inventory:

Hand Weapons
 a - a +0 hand axe (weapon)
Armour
 f - a +0 ring mail (worn)
 k - a +0 pair of gloves (worn)
Wands
 m - a wand of polymorph (12)
Scrolls
 b - 2 scrolls of identify {unknown}
 c - 2 scrolls of teleportation {unknown}
 e - 2 scrolls of amnesia {unknown}
 h - a scroll of fear {unknown}
 i - a scroll of torment {unknown}
 j - a scroll of enchant armour {unknown}
 l - a scroll of magic mapping {unknown}
 n - 2 scrolls of blinking {unknown}
 o - a scroll of immolation {unknown}
 p - a scroll of summoning {unknown}
Potions
 d - a potion of brilliance {unknown}
 g - a potion of cancellation {unknown}
 q - a potion of might {unknown}


   Skills:
 + Level 5.6 Fighting
 + Level 6.6 Axes
 + Level 4.1 Armour
 + Level 3.1 Dodging


You had 5 spell levels left.
You didn't know any spells.
Your spell library was empty.

Dungeon Overview and Level Annotations

Branches:
Dungeon (4/15)
 Temple: D:4-7

Altars:

Annotations:
D:4 Blork the orc


Innate Abilities, Weirdness & Mutations

You have a pair of horns on your head.
You reflexively headbutt those who attack you in melee.


Message History

The orc wizard is almost dead.
Unknown command.
You're too confused to move!
The orc wizard points at you and mumbles some strange words.
You are more confused.
Unknown command.
You barely miss the orc wizard. Your headbutt misses the orc wizard.
The orc wizard is almost dead.
The orc wizard hits you with a +0 dagger.
Unknown command.
You closely miss the orc wizard. You headbutt the orc wizard.
You kill the orc wizard!
Trog accepts your kill.
Trog appreciates your killing of a magic user.
You are no longer berserk.
You are exhausted.
You feel yourself slow down.
Blork the orc gestures wildly while chanting.
Blork the orc seems to speed up.
You bump into the rock wall.
The kobold brigand hits you with a +0 dagger.
The kobold brigand hits you but does no damage.
Unknown command.
You bump into the rock wall.
Blork the orc closely misses you.
Blork the orc miscasts a cantrip.
The kobold brigand barely misses you. Blork the orc misses you.
Unknown command.
You bump into the rock wall.
Blork the orc screams, "I don't like you!"
Blork the orc hits you from afar with a +0 glaive!
* * * LOW HITPOINT WARNING * * *
The kobold brigand barely misses you. Blork the orc barely misses you.
The kobold brigand hits you with a +0 dagger!
* * * LOW HITPOINT WARNING * * *
You can't go up here!
You can't go down here!
You bump into the rock wall.
You feel less confused.
Blork the orc hits you from afar with a +0 glaive!
You die...

#######.........
.......>..#####
#..#.....##...
#........##.#.
#######..†......#.#.
#.....#.#......##.#.
#.....#.##.#...##.##
#.#.#...........#.##
#@#.#.##......#..#
#K#.#.####.....#.#
#o#.#.............
.o....########.###
##.#.#.#........>#
#.#...#.#########
#.##### ... #.#


You could see Blork the orc (fast), a kobold brigand and an orc.

Vanquished Creatures
  Sigmund (D:2)
  A scorpion (D:3)
  A hound (D:4)
  An orc priest (D:4)
  Terence (D:2)
  An orc wizard (D:4)
  An adder (D:4)
  2 worms
  A dart slug (D:1)
  An orc (D:4)
  5 ball pythons
  9 bats
  3 endoplasms
  4 giant cockroaches
  6 hobgoblins
  5 quokkas
  3 frilled lizards
  3 goblins
  6 kobolds
  4 rats
59 creatures vanquished.

Notes
Turn   | Place    | Note
-------+----------+-------------------------------------------
     0 | D:1      | Erymatos the Minotaur Berserker began the quest for the
                  | Orb.
     0 | D:1      | Reached XP level 1. HP: 19/19 MP: 0/0
   384 | D:1      | Reached XP level 2. HP: 25/27 MP: 1/1
   419 | D:1      | Reached skill level 4 in Axes
   668 | D:1      | Reached ** piety under Trog
   784 | D:1      | Found a faded altar of an unknown god.
   785 | D:1      | Noticed a golden eye
   788 | D:1      | Noticed a golden eye
   788 | D:1      | Noticed a shining eye
   788 | D:1      | Noticed a floating eye
  1013 | D:2      | Reached XP level 3. HP: 34/34 MP: 2/2
  1030 | D:2      | Noticed Sigmund
  1040 | D:2      | Killed Sigmund
  1041 | D:2      | Reached skill level 5 in Fighting
  1041 | D:2      | Reached skill level 5 in Axes
  1041 | D:2      | Reached XP level 4. HP: 19/42 MP: 3/3
  1041 | D:2      | Reached XP level 5. HP: 22/48 MP: 4/4
  1527 | D:2      | Noticed Terence
  1533 | D:2      | Killed Terence
  1822 | D:3      | Reached skill level 6 in Axes
  1822 | D:3      | Reached XP level 6. HP: 52/56 MP: 5/5
  2285 | D:4      | Reached *** piety under Trog
  2289 | D:4      | Noticed Blork the orc
  2300 | D:4      | HP: 1/56 [kobold brigand (8)]
  2301 | D:4      | Mangled by Blork the orc

Illustrated notes

Levels and vault maps discovered:
D:1:      dpeg_arrival_pond, layout_loops_cross,
          hellmonk_ecumenical_altar_watching_god, minivault_14,
          grunt_decor_resistance, minmay_small_reverse_x
D:2:      layout_basic, uniq_terence, uniq_sigmund
D:3:      layout_rooms, st_stairs_14
D:4:      layout_basic, nicolae_overflow_quartered_altars,
          ebering_ghost_disaster_area, minmay_shop_enchanted_jewellery,
          uniq_blork_the_orc

Skill      XL: |  1  2  3  4  5  6 |
---------------+-------------------+-----
Fighting       | 4 5 |  5.6
Axes           | 4 5 6 |  6.6
Armour         | 3 4 |  4.1
Dodging        | 3 |  3.1

Action                   |  1- 3 |  4- 6 || total
-------------------------+-------+-------++-------
Melee: Hand axe          |    54 |    66 ||   120
       Headbutt          |     5 |    15 ||    20
Invok: Berserk           |     1 |     2 ||     3
Armor: Ring mail         |    23 |    23 ||    46
Dodge: Dodged            |    34 |    37 ||    71
